Map: Glittering Ashes LE

Players

BakedTemplar

  • Race: Terran Terran

Ghost - Winner!

  • Race: Terran Terran
  • League: Diamond

VOD

Have the link to the VOD?

Description

ii

Time

  • Played on: April 26, 2022, 10:26 p.m.
  • Length: 16:22
Show
View Real Time Build Order
Export as new Build Order

BakedTemplar Terran 

Build Orders: Mech 

Get SALT Encoding   

  12  0:00  SCV  
  13  0:12  SCV  
  14  0:18  Supply Depot  
  14  0:24  SCV  
  15  0:29  Refinery  
  15  0:39  SCV  
  16  0:44  Barracks  
  16  0:51  SCV  
  17  1:01  Supply Depot  
  17  1:03  SCV  
  18  1:15  SCV  
  19  1:31  Orbital Command  
  19  1:32  Reaper  
  20  1:53  Factory  
  20  1:56  SCV  
  21  2:02  Supply Depot  
  21  2:09  SCV  
  22  2:18  Command Center  
  22  2:25  SCV  
  23  2:35  Barracks Reactor  
  23  2:37  Hellion  
  25  2:45  Refinery  
  25  2:52  Starport  
  25  3:11  SCV  
  26  3:14  Command Center  
  26  3:19  Supply Depot, Factory Tech Lab  
  26  3:26  Barracks Tech Lab  
  26  3:30  Orbital Command  
  26  3:34  Bunker  
  26  3:43  SCV  
  26  3:44  Viking  
  29  3:56  SCV  
  29  3:57  SCV  
  31  4:06  Factory  
  31  4:08  SCV  
  32  4:10  Factory, SCV  
  32  4:15  Refinery  
  33  4:21  SCV  
  33  4:22  SCV  
  35  4:38  Siege Tank  
  38  4:41  SCV x2  
  38  4:44  Refinery  
  40  4:53  SCV  
  40  4:54  SCV  
  40  4:58  Factory Tech Lab  
  40  4:59  Supply Depot  
  42  5:05  SCV  
  42  5:06  SCV  
  44  5:09  Engineering Bay  
  44  5:17  Supply Depot  
  44  5:18  Siege Tank x2, SCV x2  
  52  5:26  Orbital Command  
  52  5:36  SCV x2  
  54  5:48  SCV  
  54  5:49  Hellion x2  
  59  5:50  Siege Tank  
  59  5:54  Missile Turret  
  59  5:56  Missile Turret  
  62  6:02  Missile Turret  
  62  6:04  Siege Tank  
  62  6:07  SCV x2  
  62  6:08  SCV  
  68  6:19  Armory, SCV  
  68  6:21  Armory  
  68  6:22  SCV  
  68  6:23  SCV  
  71  6:32  Orbital Command  
  71  6:35  Raven  
  73  6:55  Siege Tank x2  
  73  6:56  Refinery, Hellion x2  
  73  6:58  Sensor Tower, SCV x3  
  73  7:00  Refinery, Missile Turret  
  86  7:03  Supply Depot  
  86  7:05  Supply Depot  
  86  7:06  Supply Depot  
  86  7:08  Supply Depot  
  86  7:10  Supply Depot, SCV x3  
  86  7:14  Terran Vehicle Weapons Level 1  
  86  7:15  Terran Vehicle And Ship Armor Level 1  
  89  7:22  SCV x2  
  91  7:31  Raven  
  91  7:34  Siege Tank  
  91  7:35  Hellion x2  
  91  7:36  Hellion  
  102  7:43  SCV x3  
  105  7:55  SCV x3  
  105  7:56  Command Center  
  105  7:57  Hellion  
  110  8:06  Command Center  
  110  8:07  SCV x2  
  112  8:12  Factory  
  112  8:14  Factory  
  112  8:19  SCV x2  
  115  8:20  SCV  
  115  8:26  Factory  
  115  8:30  Factory  
  115  8:31  SCV  
  115  8:33  Starport  
  116  8:36  Starport  
  116  9:08  Sensor Tower  
  116  9:09  Siege Tank x3  
  125  9:10  Hellion x2  
  125  9:15  Command Center  
  125  9:16  Viking x3  
  135  9:18  Viking  
  137  9:31  Hellion  
  137  9:32  Hellion  
  141  9:41  Hellion x2  
  141  9:42  Hellion  
  147  9:52  Viking x3  
  153  9:53  Viking, Hellion x2  
  153  9:54  Terran Vehicle Weapons Level 2  
  153  9:56  Terran Vehicle And Ship Armor Level 2  
  159  10:02  Siege Tank  
  162  10:07  Planetary Fortress  
  162  10:10  Refinery  
  162  10:22  Hi-Sec Auto Tracking  
  162  10:26  Viking x3, Siege Tank  
  162  10:27  Hellion x2  
  162  10:28  Missile Turret  
  175  10:29  Supply Depot  
  175  10:31  Supply Depot x2  
  141  11:06  Thor x2  
  141  11:07  Thor  
  141  11:08  Hellion x2  
  163  11:15  Refinery  
  163  11:16  Missile Turret  
  163  11:20  Command Center  
  163  11:22  Factory Tech Lab  
  163  11:23  Factory Tech Lab  
  163  11:25  Viking x2  
  167  11:29  Hellion x2  
  171  11:36  Missile Turret  
  171  11:38  Planetary Fortress  
  171  11:41  Missile Turret  
  169  11:49  Thor x2, Hellion  
  184  11:54  SCV x3  
  164  12:47  Viking x4  
  164  12:50  Siege Tank x3  
  181  12:52  Hellion x4  
  181  12:56  Terran Vehicle And Ship Armor Level 3, Terran Vehicle Weapons Level 3  
  189  13:04  Refinery  
  189  13:05  Refinery  
  189  13:07  Missile Turret  
  189  13:13  Hellion  
  189  13:14  Hellion x3  
  189  13:18  Command Center  
  197  13:22  Hellion  
  199  13:30  Command Center  
  199  13:36  Starport x2  
  199  13:42  Command Center  
  199  13:43  Command Center  
  198  14:10  Hellion  
  172  14:44  Hellion x4  
  172  14:45  Hellion x3  
  134  15:05  Hellion  
  134  15:06  Hellion x6  
  129  15:27  Hellion x5, Thor x2  
  142  15:32  Missile Turret  
  142  15:33  Missile Turret  
  142  15:34  Missile Turret  
  142  15:35  Missile Turret  
  135  15:36  Missile Turret  
  148  16:14  Command Center  
Show
View Real Time Build Order
Export as new Build Order

Ghost Terran - Winner!

Build Orders: Reaper Expand, Mech 

Get SALT Encoding   

  12  0:00  SCV  
  13  0:12  SCV  
  14  0:17  Supply Depot  
  14  0:24  SCV  
  15  0:38  SCV  
  15  0:40  Barracks  
  16  0:44  Refinery  
  16  0:50  SCV  
  17  1:03  SCV  
  18  1:15  SCV  
  19  1:27  Orbital Command  
  19  1:29  Reaper  
  20  1:45  Command Center  
  20  1:55  Supply Depot  
  20  2:01  Reaper  
  21  2:02  SCV  
  22  2:14  SCV  
  23  2:22  Factory  
  23  2:25  Refinery  
  23  2:26  SCV  
  23  2:38  SCV  
  24  2:47  Barracks Reactor  
  24  2:50  SCV  
  25  3:01  Orbital Command  
  25  3:02  SCV  
  25  3:05  Bunker  
  26  3:08  Factory Tech Lab  
  26  3:12  Starport  
  26  3:15  SCV  
  27  3:24  Marine  
  27  3:25  Marine  
  31  3:27  SCV x2  
  31  3:36  Siege Tank  
  31  3:39  SCV x2  
  35  3:42  Marine x2  
  35  3:46  Supply Depot  
  37  3:51  SCV  
  37  3:53  Starport Reactor  
  38  3:56  SCV  
  38  4:02  Refinery  
  39  4:03  SCV  
  39  4:07  Refinery  
  39  4:08  SCV  
  41  4:14  Siege Tank  
  41  4:15  Marine x2, SCV  
  47  4:20  Supply Depot, SCV  
  48  4:27  SCV  
  49  4:32  SCV  
  49  4:39  SCV  
  49  4:41  Engineering Bay  
  49  4:42  Factory, Viking  
  49  4:44  SCV  
  53  4:48  Supply Depot  
  53  4:51  SCV  
  54  4:54  Siege Tank  
  54  4:56  SCV  
  58  5:03  SCV  
  58  5:05  Viking  
  61  5:08  SCV  
  61  5:12  Viking  
  64  5:16  SCV  
  64  5:20  SCV  
  66  5:26  Missile Turret  
  66  5:27  Missile Turret  
  66  5:28  SCV  
  67  5:30  Siege Tank  
  67  5:34  Factory Tech Lab  
  70  5:48  Missile Turret  
  70  5:50  Supply Depot  
  70  5:52  Supply Depot  
  70  5:59  Command Center  
  70  6:12  Viking, Missile Turret, SCV x2  
  70  6:15  Factory  
  70  6:18  Neosteel Armor  
  74  6:19  Armory  
  74  6:21  Widow Mine, Armory  
  74  6:23  Widow Mine  
  74  6:24  SCV  
  79  6:32  Sensor Tower  
  79  6:34  SCV  
  79  6:36  SCV  
  79  6:38  Supply Depot  
  81  6:42  Viking x2  
  81  6:46  SCV  
  86  6:59  Siege Tank, SCV  
  86  7:00  Supply Depot  
  90  7:02  Refinery  
  90  7:07  Refinery  
  90  7:08  Command Center  
  90  7:11  Orbital Command  
  90  7:20  Terran Vehicle And Ship Armor Level 1, Terran Vehicle Weapons Level 1  
  90  7:23  Factory Tech Lab  
  90  7:29  Orbital Command  
  90  7:34  Supply Depot  
  90  7:40  Missile Turret  
  90  7:46  Starport  
  90  7:47  SCV x2  
  92  7:55  SCV  
  93  7:59  Factory, SCV  
  93  8:00  SCV  
  93  8:03  Command Center  
  95  8:07  SCV  
  95  8:11  SCV  
  98  8:12  SCV  
  98  8:15  Viking x2  
  102  8:31  SCV  
  102  8:32  Factory Tech Lab, Raven  
  105  8:36  Siege Tank x2  
  105  8:38  Marine x2  
  105  8:39  SCV x2  
  115  8:43  SCV  
  115  8:47  Missile Turret  
  116  8:51  SCV x2  
  116  8:52  Missile Turret  
  116  8:55  SCV  
  119  9:00  Siege Tank, Refinery  
  119  9:02  Command Center  
  122  9:03  SCV x2  
  122  9:06  Refinery  
  122  9:08  Siege Tank x2  
  130  9:10  Viking x2  
  130  9:13  Smart Servos  
  130  9:16  Terran Vehicle Weapons Level 2  
  134  9:19  Factory Tech Lab  
  134  9:26  Planetary Fortress  
  134  9:32  Hellion  
  136  9:44  Thor  
  136  9:45  Widow Mine  
  146  9:46  Widow Mine  
  146  10:13  Viking x2  
  146  10:14  Widow Mine  
  152  10:15  Command Center  
  152  10:21  Terran Vehicle And Ship Armor Level 2, Starport, SCV  
  153  10:26  Infernal Pre-Igniter  
  153  10:28  Hellion x3  
  159  10:29  SCV  
  159  10:30  SCV x2  
  159  10:32  Drilling Claws  
  162  10:42  Factory  
  162  10:45  SCV  
  162  10:49  Missile Turret  
  155  10:56  Liberator x3  
  147  11:04  Hi-Sec Auto Tracking  
  143  11:09  Planetary Fortress  
  143  11:20  Starport Tech Lab, Fusion Core  
  143  11:21  Missile Turret  
  143  11:31  Missile Turret, Hellion  
  143  11:32  Hellion x4  
  153  11:34  Terran Vehicle Weapons Level 3  
  153  11:39  Liberator  
  156  11:51  Missile Turret  
  156  11:52  Sensor Tower  
  156  11:53  Hellion x2  
  160  11:54  Refinery  
  160  11:55  Missile Turret  
  160  12:00  Refinery  
  160  12:06  Command Center  
  160  12:07  Command Center  
  166  12:08  Battlecruiser  
  166  12:09  Weapon Refit  
  166  12:18  Factory Reactor  
  159  12:37  Terran Ship Weapons Level 1  
  139  12:48  Thor x2  
  139  12:49  Widow Mine x2  
  155  13:00  Missile Turret  
  155  13:01  Supply Depot  
  155  13:03  Battlecruiser, Missile Turret  
  165  13:09  Thor  
  165  13:10  Viking  
  169  13:15  Viking  
  169  13:16  Battlecruiser  
  177  13:20  Supply Depot  
  177  13:26  Planetary Fortress  
  177  13:40  Planetary Fortress  
  177  13:48  Advanced Ballistics  
  177  13:55  Orbital Command x2  
  177  13:58  Missile Turret  
  174  14:06  Missile Turret  
  174  14:07  Siege Tank x3  
  174  14:08  Siege Tank  
  185  14:10  Viking x3  
  185  14:11  Missile Turret  
  185  14:15  Factory  
  191  14:18  Refinery  
  191  14:19  Viking  
  191  14:22  Missile Turret  
  169  14:39  Siege Tank, Liberator  
  169  14:40  Viking  
  144  15:12  Thor  
  144  15:13  Widow Mine x3, Thor x2  
  168  15:34  Widow Mine  
  170  15:40  Orbital Command  
  170  15:45  Viking x2  
  170  15:47  Siege Tank  
  170  15:48  Command Center  
Tags
 
Composition
MechMech
League
Diamond
Matchup
TvT
Race
Terran
Add a new tag
Caveats
  • Supply blocks, unpowered buildings, or Contaminate may cause inaccurate times.
  • Supply counts are checked every 10 seconds.